 Dungeon Crawl Stone Soup version 0.30.1-3-gfc49f6343a (webtiles) character file.

Game seed: 4876029185136004144

1636 shmup the Arsonist (level 8, -1/41 HPs)
             Began as a Tengu Fire Elementalist on July 19, 2023.
             Succumbed to a scorpion's poison
             ... on level 6 of the Dungeon.
             The game lasted 00:19:54 (7992 turns).

shmup the Arsonist (Tengu Fire Elementalist)        Turns: 7992, Time: 00:19:55

Health: -1/41      AC:  3    Str:  9    XL:     8   Next: 98%
Magic:  6/12       EV: 14    Int: 17    God:
Gold:   234        SH:  0    Dex: 15    Spells: 5/11 levels left

rFire   . . .        a - +1 spear
rCold   . . .        (no shield)
rNeg    . . .        f - +0 robe
rPois   .            (helmet restricted)
rElec   .            (no cloak)
rCorr   .            q - +0 pair of gloves
SInv    .            (boots unavailable)
Will    +....        (no amulet)
Stlth   ++           n - ring of willpower
HPRegen 0.26/turn    (no ring)
MPRegen 0.13/turn

%: no passive effects
@: lethally poisoned (-1 -> -8), marked, flying quickly and evasively, quick
A: beak, talons 3, nimble flight
a: no special abilities


You were on level 6 of the Dungeon.
You visited 1 branch of the dungeon, and saw 6 of its levels.

You collected 234 gold pieces.

Inventory:

Hand Weapons
 a - a +1 spear (weapon)
Missiles
 g - 7 stones (quivered)
 o - 2 poisoned darts
 x - 7 boomerangs
 A - 2 throwing nets
Armour
 f - a +0 robe (worn)
 q - a +0 pair of gloves (worn)
Magical Staves
 b - a staff of conjuration
Jewellery
 n - a ring of willpower (left hand)
Wands
 r - a wand of charming (3)
 z - a wand of mindburst (16)
Scrolls
 c - 2 scrolls of teleportation
 e - 3 scrolls of amnesia
 h - a scroll of vulnerability
 i - a scroll of acquirement {unknown}
 j - a scroll of magic mapping
 k - a scroll of identify
 l - 3 scrolls of fear
 p - 2 scrolls of enchant armour
 t - 2 scrolls of poison {unknown}
 y - a scroll of enchant weapon
 B - a scroll of noise
Potions
 d - 2 potions of attraction
 m - a potion of magic
 s - 4 potions of lignification
 u - a potion of ambrosia
 v - a potion of might
 w - a potion of flight


   Skills:
 - Level 2.1 Dodging
 - Level 2.0 Stealth
 - Level 2.0 Spellcasting
 + Level 8.3 Conjurations
 * Level 10.4 Fire Magic


You had 5 spell levels left.
You knew the following spells:

 Your Spells              Type           Power      Damage    Failure   Level
a - Foxfire               Conj/Fire      100%       2x1d9     1%          1
b - Scorch                Fire           74%        2d8       1%          2
c - Inner Flame           Hex/Fire       19%        N/A       7%          3

Your spell library contained the following spells:

 Spells                   Type           Power      Damage    Failure   Level
 Flame Wave               Conj/Fire      33%        2d10      4%          4
 Momentum Strike          Conj/Tloc      30%        3d8       5%          2
 Volatile Blastmotes      Fire/Tloc      38%        2d13      7%          3
 Beastly Appendage        Tmut           2%         N/A       19%         1
 Slow                     Hex            4%         N/A       19%         1
 Summon Small Mammal      Summ           4%         N/A       19%         1
 Blink                    Tloc           2%         N/A       28%         2
 Lesser Beckoning         Tloc           2%         N/A       28%         2
 Wereblood                Tmut           1%         N/A       28%         2
 Call Canine Familiar     Summ           1%         N/A       50%         3
 Confusing Touch          Hex            1%         N/A       50%         3
 Ozocubu's Armour         Ice            1%         N/A       50%         3
 Spider Form              Tmut/Pois      1%         N/A       50%         3
 Summon Guardian Golem    Hex/Summ       1%         N/A       50%         3
 Vampiric Draining        Necr           1%         2d6       50%         3
 Summon Lightning Spire   Summ/Air       1%         N/A       88%         4
 Metabolic Englaciation   Hex/Ice        0%         N/A       99%         5
 Simulacrum               Ice/Necr       0%         N/A       100%        6
 Storm Form               Tmut/Air       0%         N/A       100%        7
 Maxwell's Capacitive Co  Air            0%         death     100%        8


Dungeon Overview and Level Annotations

Branches:
Dungeon (6/15)
 Temple: D:4-7

Altars:
Elyvilon
Fedhas
Kikubaaqudgha
Makhleb
Okawaru
Vehumet

Shops:
D:1 *   D:3 *

Annotations:
D:3 exclusion: 2 downstairs


Innate Abilities, Weirdness & Mutations

You have a beak for a mouth.
You have claws for feet.
Your magical nature lets you fly swiftly and evasively.


Message History

You feel very sick. The scorpion stings you.
* * * LOW HITPOINT WARNING * * *
You are more poisoned.
The scorpion poisons you!
You feel very sick.
You feel very sick. The scorpion misses you.
You feel very sick.
You feel sick.
You feel sick.
You feel sick. The scorpion attacks as you move away!
The scorpion stings you but does no damage.
You feel sick.
The orc wizard mumbles some strange words.
The orc wizard flickers and vanishes!
Deactivating autopickup; reactivate with Ctrl-A.
Casting: Scorch (safe; 1% risk of failure)
Confirm with . or Enter, or press ? or * to list all spells.
You conjure some foxfire!
You feel sick. The scorpion completely misses you.
You feel sick.
The foxfire hits the scorpion but does no damage.
The scorpion is almost dead.
The scorpion completely misses you.
Casting: Foxfire (safe; 1% risk of failure)
Confirm with . or Enter, or press ? or * to list all spells.
You conjure some foxfire!
You feel sick. The scorpion stings you!
* * * LOW HITPOINT WARNING * * *
You are more poisoned.
The scorpion poisons you! The scorpion completely misses you.
Sorry, you're not good enough to have a special ability.
Unknown command.
Unknown command.
Unknown command.
Casting: Foxfire (safe; 1% risk of failure)
Confirm with . or Enter, or press ? or * to list all spells.
Flames lash the orc.
You kill the orc!
You die...

▒o▒ ▒▒▒▒▒ ▒o▒
▒.▒ ▒o▒ ▒.▒ ▒)▒
▒.▒ ▒s▒▒▒▒
▒Qv..▒ ▒▒▒▒.▒
▒.▒ ▒ ▒.▒ ▒ ▒.▒
▒
▒.▒▒▒▒▒▒▒▒▒▒▒▒▒
▒..............
▒▒▒▒▒▒▒▒▒▒▒▒▒▒▒


You could see a scorpion (ally target), an orc wizard and an orc.

Vanquished Creatures
  An ice beast (D:5)
  2 black bears
  An ogre (D:4)
  3 phantoms
  A scorpion (D:5)
  A gnoll sergeant (D:5)
  A howler monkey (D:4)
  An orc priest (D:4)
  4 hounds
  3 iguanas
  3 orc wizards (D:4)
  33 gnolls
  11 adders
  A white imp (D:5)
  An ufetubus (D:5)
  4 worms
  A dart slug (D:1)
  24 orcs
  9 ball pythons
  6 endoplasms
  8 giant cockroaches
  7 goblins
  5 hobgoblins
  13 jackals (D:4)
  3 quokkas
  4 bats
  4 frilled lizards (D:1)
  10 kobolds
  8 rats
173 creatures vanquished.

Vanquished Creatures (others)
  461 foxfires
461 creatures vanquished.

Grand Total: 634 creatures vanquished

Notes
Turn   | Place    | Note
-------+----------+-------------------------------------------
     0 | D:1      | shmup the Tengu Fire Elementalist began the quest for the
                  | Orb.
     0 | D:1      | Reached XP level 1. HP: 10/10 MP: 4/4
   206 | D:1      | Reached XP level 2. HP: 15/15 MP: 4/6
   209 | D:1      | Learned a level 2 spell: Scorch
   383 | D:1      | Found a faded altar of an unknown god.
   418 | D:1      | Reached skill level 4 in Fire Magic
   529 | D:1      | Reached XP level 3. HP: 19/19 MP: 5/7
   839 | D:1      | Found Kutougg's General Store.
  1051 | D:2      | Reached XP level 4. HP: 24/24 MP: 3/8
  1146 | D:2      | Reached skill level 5 in Fire Magic
  1573 | D:2      | Gained mutation: Your magical nature lets you fly swiftly
                  | and evasively. [Tengu growth]
  1573 | D:2      | Reached XP level 5. HP: 28/28 MP: 6/9
  1703 | D:2      | Learned a level 3 spell: Inner Flame
  2636 | D:3      | Found an iron altar of Okawaru.
  2674 | D:3      | Found Gesme's Assorted Antiques.
  2703 | D:3      | Found a burning altar of Makhleb.
  3185 | D:3      | Reached skill level 6 in Fire Magic
  3269 | D:4      | Found a radiant altar of Vehumet.
  3280 | D:4      | Reached XP level 6. HP: 28/32 MP: 3/10
  3329 | D:4      | Noticed a black bear
  3658 | D:4      | Found a blossoming altar of Fedhas.
  3857 | D:4      | Reached skill level 5 in Conjurations
  4199 | D:4      | Reached skill level 7 in Fire Magic
  4200 | D:4      | Reached XP level 7. HP: 36/36 MP: 3/11
  4845 | D:4      | Reached skill level 8 in Fire Magic
  5296 | D:4      | Found an ancient bone altar of Kikubaaqudgha.
  5368 | D:4      | Reached XP level 8. HP: 41/41 MP: 9/12
  5692 | D:5      | Entered Level 5 of the Dungeon
  5722 | D:5      | Reached skill level 9 in Fire Magic
  6938 | D:5      | Reached skill level 10 in Fire Magic
  7938 | D:6      | Found a white marble altar of Elyvilon.
  7991 | D:6      | HP: 1/41 [scorpion (7)]
  7992 | D:6      | Succumbed to a scorpion's poison

Illustrated notes

Levels and vault maps discovered:
D:1:      dpeg_arrival_refuge, layout_basic,
          hellmonk_ecumenical_altar_leap_of_faith, serial_shops,
          nicolae_lakefront_shop, minmay_tall_x
D:2:      layout_basic, minmay_heptomino_h4
D:3:      layout_loops_ring, bloody_makhleb, mainiacjoe_overflow_brackets,
          serial_shops, shop, st_stairs_11
D:4:      lemuel_castle_with_subvaults [lemuel_castle_interior_carwin_1],
          layout_cave_pools, mainiacjoe_overflow_boulevard,
          general_overflow_altar, fedhas_altar_3
D:5:      layout_loops_corners
D:6:      layout_basic, mainiacjoe_overflow_alcove_2,
          nicolae_ru_great_annihilating_truth, elyvilon_altar_5,
          minmay_temple_entry_glass

Skill      XL: |  1  2  3  4  5  6  7  8 |
---------------+-------------------------+-----
Conjurations   | 2 3 4 5 6 8 |  8.3
Fire Magic     | 4 5 6 7 8 10 | 10.4
Dodging        | |  2.1
Stealth        | |  2.0
Spellcasting   | |  2.0

Action                     |  1- 3 |  4- 6 |  7- 9 || total
---------------------------+-------+-------+-------++-------
  Melee: Spear             |     3 |     9 |    13 ||    25
         Kick              |     1 |     2 |     4 ||     7
         Peck              |       |     2 |       ||     2
   Cast: Foxfire           |    51 |    93 |   124 ||   268
         Scorch            |     1 |    20 |    34 ||    55
         Inner Flame       |       |       |     3 ||     3
    Use: Scroll            |       |     2 |    11 ||    13
 Armour: Robe              |     7 |     6 |     4 ||    17
  Dodge: Dodged            |    21 |    58 |    41 ||   120
